 Dungeon Crawl Stone Soup version 0.21-a0-471-gd587bd5 (webtiles) character file.

18 tof the Sneak (level 2, 0/22 HPs)
             Began as a Demonspawn Wanderer on Nov 21, 2017.
             Slain by a kobold
             ... wielding a +0 whip
              (3 damage)
             ... on level 1 of the Dungeon.
             The game lasted 00:01:17 (435 turns).

tof the Sneak (Demonspawn Wanderer)                  Turns: 435, Time: 00:01:17

Health: 0/22       AC:  2    Str: 18    XL:     2   Next: 48%
Magic:  2/2        EV: 11    Int: 11    God:
Gold:   20         SH:  0    Dex: 14    Spells: 1/1 levels left

rFire    . . .     SeeInvis .   a - +2 quarterstaff
rCold    . . .     Gourm    .   (shield currently unavailable)
rNeg     . . .     Faith    .   e - +0 robe
rPois    .         Spirit   .   (no helmet)
rElec    .         Reflect  .   (no cloak)
rCorr    .         Harm     .   (no gloves)
MR       .....                  (no boots)
Stlth    ++........             (no amulet)
HPRegen  0.07/turn              h - +6 ring of strength
MPRegen  0.08/turn              (no ring)

@: no status effects
A: talons 1
a: no special abilities


You were on level 1 of the Dungeon.
You were not hungry.

You visited 1 branch of the dungeon, and saw 1 of its levels.

You collected 20 gold pieces.

Inventory:

Hand Weapons
 a - a +2 quarterstaff (weapon)
 d - a +0 blowgun
 f - a +0 dagger
Missiles
 c - 12 poisoned needles
Armour
 e - a +0 robe (worn)
Jewellery
 h - a +6 ring of strength (left hand)
Scrolls
 b - 2 scrolls of teleportation
Potions
 j - a potion of berserk rage {unknown}
Comestibles
 g - 3 bread rations
 i - 3 chunks of flesh


   Skills:
 + Level 2.2 Fighting
 * Level 2.2 Staves
 - Level 1.7 Throwing
 + Level 0.6 Armour
 + Level 0.6 Dodging
 - Level 2.6 Stealth
 - Level 1.0 Unarmed Combat


You had one spell level left.
You didn't know any spells.

Dungeon Overview and Level Annotations

Branches:
Dungeon (1/15)

Altars:


Innate Abilities, Weirdness & Mutations

You have sharp toenails.


Message History

The bat hits you but does no damage. The bat closely misses you.
The bat misses you. The bat barely misses you. The bat closely misses you.
The bat completely misses you. The bat hits you but does no damage.
The bat barely misses you. The bat closely misses you.
The bat barely misses you. The bat hits you but does no damage.
Found a scroll labeled ESTROJ CUAROSM.
Found a scroll labeled ENLOUH UJUOJ.
Found 29 stones.
The bat barely misses you. The bat barely misses you.
There is a stone staircase leading down here.
Wear which item? (? for menu, Esc to quit)
Okay, then.
The bat hits you but does no damage. The kobold hits you with a whip.
You die...

# ##### # ##..... #
#### ########......
##... .........#...
#..# #.......#
..##########.......#
###.......g.K..b@..#
....########...K...#
##### ###.......# #
([..?...?..... #
#.########....(# #
##..##. .#..##
####....... #...#
##......# ..##
#..#..######


You could see a goblin, a bat and 2 kobolds.

Vanquished Creatures
  A leopard gecko (D:1)
  A ball python (D:1)
  2 giant cockroaches (D:1)
  2 goblins (D:1)
  2 hobgoblins (D:1)
  2 bats (D:1)
  2 kobolds (D:1)
  3 rats (D:1)
15 creatures vanquished.

Notes
Turn   | Place    | Note
-------+----------+-------------------------------------------
     0 | D:1      | tof the Demonspawn Wanderer began the quest for the Orb.
     0 | D:1      | tof set off with: a +2 quarterstaff, a scroll of teleportation, 12 poisoned needles, a +0 blowgun, a +0 robe, a +0 dagger, a bread ration
     0 | D:1      | Reached XP level 1. HP: 16/16 MP: 1/1
   300 | D:1      | Gained mutation: You have sharp toenails. [demonic ancestry]
   300 | D:1      | Reached XP level 2. HP: 20/22 MP: 2/2
   406 | D:1      | HP: 1/22 [kobold/club (3)]
   435 | D:1      | Slain by a kobold

Vault maps used:
D:1:      dpeg_arrival_stone_temple_mockup

Skill      XL: |  1 |
---------------+----+-----
Staves         | 2 |  2.2
Fighting       | |  2.2
Throwing       | |  1.7
Armour         | |  0.6
Dodging        | |  0.6
Stealth        | |  2.6
Unarmed Combat | |  1.0

Action                   || total
-------------------------++-------
Melee: Quarterstaff      ||    28
       Kick              ||     3
 Stab: Sleeping          ||     1
Armor: Robe              ||    17
Dodge: Dodged            ||    56

Table legend:
 A = Spawn XP
 B = Non-spawn XP
 C = Spawn XP percentage of total XP
 D = Spawn monster count
 E = Non-spawn monster count
 F = Spawn count percentage of total count
 G = Total turns spent on level
                    A         B        C        D         E        F      G
               +---------+---------+-------+---------+---------+-------+---------
         Total |       0 |      26 |   0.0 |       0 |      15 |   0.0 |   435
               +---------+---------+-------+---------+---------+-------+---------
           D:1 |       0 |      26 |   0.0 |       0 |      15 |   0.0 |   435
               +---------+---------+-------+---------+---------+-------+---------
